 Dungeon Sprint DCSS version 0.22-a0-443-g17c3723 (webtiles) character file.

9839 tsouns the Severer (level 11, -1/114 HPs)
             Began as a Hill Orc Fighter on June 1, 2018.
             Was a High Priest of Okawaru.
             Slain by a 12-headed hydra (9 damage)
             ... while paralysed by a floating eye
             ... in the Dungeon (Sprint I: "Red Sonja").
             The game lasted 00:10:11 (2772 turns).

tsouns the Severer (Hill Orc Fighter)               Turns: 2772, Time: 00:10:12

Health: -1/114     AC: 26    Str: 23    XL:     11   Next: 52%
Magic:  18/18      EV:  2    Int: 13    God:    Okawaru [*****.]
Gold:   336        SH:  0    Dex: 10    Spells: 10/10 levels left

rFire    . . .     SeeInvis .   g - +1 dagger (venom)
rCold    . . .     Gourm    .   (no shield)
rNeg     . . .     Faith    .   n - +2 plate armour {MR+}
rPois    +         Spirit   .   p - +2 helmet
rElec    .         Reflect  .   (no cloak)
rCorr    .         Harm     .   m - +3 pair of gloves "Naxiafrigg" {rPois Int+5}
MR       +....     NoTele   +   o - +0 pair of boots
Stlth    ..........             (no amulet)
HPRegen  0.29/turn              (no ring)
MPRegen  0.16/turn              (no ring)

@: paralysed
A: no striking features
a: Heroism, Finesse, Renounce Religion


You were in the Dungeon.
You worshipped Okawaru.
Okawaru was extremely pleased with you.
You were not hungry.

You visited 1 branch You collected 1786 gold pieces.
You spent 1450 gold pieces at shops.

Inventory:

Hand Weapons
 a - a +0 war axe
 e - a +0 blowgun
 g - a +1 dagger of venom (weapon)
 j - a +3 battleaxe of holy wrath
Missiles
 d - 8 curare-tipped needles
Armour
 c - a +0 shield
 m - the +3 pair of gloves "Naxiafrigg" (worn) {rPois Int+5}
   (You bought it in a shop in the Dungeon)

   It affects your intelligence (+5).
   It protects you from poison.
 n - a +2 plate armour of magic resistance (worn)
 o - a +0 pair of boots (worn)
 p - a +2 helmet (worn)
Scrolls
 k - a scroll of blinking
Potions
 h - 2 potions of curing
 i - 3 potions of magic
 l - a potion of heal wounds
Miscellaneous
 b - a phial of floods (inert)
Comestibles
 f - 3 rations


   Skills:
 + Level 16.1 Fighting
 + Level 20.3 Axes
 + Level 10.8 Armour
 + Level 7.6 Dodging
 - Level 10.2 Shields
 + Level 9.6 Invocations
 + Level 3.3 Evocations


You had 10 spell levels left.
You didn't know any spells.
Your spell library was empty.

Dungeon Overview and Level Annotations

Branches:
Dungeon (1/1)

Altars:
Cheibriados
Dithmenos
Elyvilon
Fedhas
Gozag
Hepliaklqana
Kikubaaqudgha
Makhleb
Nemelex Xobeh
Okawaru
Qazlal
Ru
Sif Muna
Trog
Uskayaw
Vehumet
Wu Jian
Xom
Yredelemnul
Zin
The Shining One
Jiyva
Lugonu

Shops:
D =%*(?}}*!*[(?[:[%


Message History

The 12-headed hydra completely misses you.
The 12-headed hydra bites you!
* * * LOW HITPOINT WARNING * * *
The 12-headed hydra bites you but does no damage.
The 12-headed hydra barely misses you.
The 12-headed hydra bites you but does no damage. x4
The 12-headed hydra barely misses you.
The 12-headed hydra bites you but does no damage.
The 12-headed hydra bites you.
* * * LOW HITPOINT WARNING * * *
The 12-headed hydra bites you but does no damage.
The 12-headed hydra bites you but does no damage.
The 12-headed hydra bites you.
* * * LOW HITPOINT WARNING * * *
The 12-headed hydra bites you but does no damage. x3
The 12-headed hydra bites you!
* * * LOW HITPOINT WARNING * * *
The 12-headed hydra bites you but does no damage.
The 12-headed hydra bites you!
You die...

############################
__#.))...#.(#.§§@DG§§§§§'≈$#
..'..#...##'#§####§.§§§##$.+
__####...'§.#§# ##...## ##
###§§#####.§'.# ###+#
§§§§§#..##'####
§§≈§.§§.#.§...#
§§§§§#..#.§§^.+
#'#####§###...#
[)).###§§.#§..#


You could see a 12-headed hydra and a floating eye.

Vanquished Creatures
  2 centaur warriors (D)
  Sonja (D)
  2 unseen horrors (D)
  A deep troll (D)
  A lindwurm (D)
  An oklob plant (D)
  A gargoyle (D)
  4 demonic crawlers (D)
  2 kobold demonologists (D)
  A hornet (D)
  A slime creature (D)
  2 redbacks (D)
  Sigmund (D)
  13 hogs (D)
  A yak (D)
  2 floating eyes (D)
  7 necrophages (D)
  An ogre (D)
  8 jellies (D)
  Ijyb (D)
  8 ballistomycetes (D)
61 creatures vanquished.

Vanquished Creatures (others)
  A gargoyle (D)
  2 ballistomycete spores (D)
3 creatures vanquished.

Grand Total: 64 creatures vanquished

Notes
Turn   | Place    | Note
-------+----------+-------------------------------------------
     0 | D        | tsouns the Hill Orc Fighter began the quest for the Orb.
     0 | D        | Reached XP level 1. HP: 19/19 MP: 1/1
     1 | D        | Noticed Ijyb
    16 | D        | Killed Ijyb
    16 | D        | Reached skill level 5 in Fighting
    16 | D        | Reached skill level 4 in Axes
    16 | D        | Reached XP level 2. HP: 27/29 MP: 2/2
    16 | D        | Reached XP level 3. HP: 34/36 MP: 3/3
    23 | D        | Noticed an ogre
    26 | D        | Killed an ogre
    26 | D        | Reached skill level 8 in Axes
    26 | D        | Reached XP level 4. HP: 47/47 MP: 4/4
    56 | D        | Noticed Sigmund
    65 | D        | Killed Sigmund
    65 | D        | Reached skill level 12 in Axes
    65 | D        | Reached XP level 5. HP: 45/57 MP: 5/5
    65 | D        | Reached XP level 6. HP: 50/63 MP: 6/6
   137 | D        | Found a deep blue altar of Sif Muna.
   138 | D        | Found an ornate altar of the Wu Jian Council.
   139 | D        | Found a radiant altar of Vehumet.
   170 | D        | Found Ukhoxkey's Food Emporium.
   170 | D        | Found an ancient bone altar of Kikubaaqudgha.
   170 | D        | Found a hazy altar of Hepliaklqana.
   170 | D        | Found a stormy altar of Qazlal.
   170 | D        | Found a hide-covered altar of Uskayaw.
   170 | D        | Found a blossoming altar of Fedhas.
   170 | D        | Found a bloodstained altar of Trog.
   170 | D        | Found an iron altar of Okawaru.
   170 | D        | Found a basalt altar of Yredelemnul.
   170 | D        | Found a glowing golden altar of the Shining One.
   170 | D        | Found a snail-covered altar of Cheibriados.
   170 | D        | Found a sacrificial altar of Ru.
   170 | D        | Found a glowing silver altar of Zin.
   170 | D        | Found a shadowy altar of Dithmenos.
   170 | D        | Found a white marble altar of Elyvilon.
   170 | D        | Noticed a yak
   175 | D        | Killed a yak
   175 | D        | Reached skill level 10 in Fighting
   175 | D        | Reached skill level 13 in Axes
   176 | D        | Found an opulent altar of Gozag.
   177 | D        | Found a sparkling altar of Nemelex Xobeh.
   182 | D        | Became a worshipper of Warmaster Okawaru
   186 | D        | Bought a ration for 60 gold pieces
   186 | D        | Bought a ration for 60 gold pieces
   186 | D        | Bought a ration for 60 gold pieces
   191 | D        | Noticed Sonja
   212 | D        | Killed Sonja
   212 | D        | Reached skill level 16 in Axes
   212 | D        | Reached XP level 7. HP: 36/77 MP: 7/7
   212 | D        | Reached XP level 8. HP: 39/83 MP: 8/8
   615 | D        | Found Malap's Jewellery Boutique.
   860 | D        | Noticed a deep troll
   876 | D        | Killed a deep troll
   876 | D        | Reached * piety under Okawaru
   876 | D        | Reached skill level 18 in Axes
   903 | D        | Found Efeun's Armour Emporium.
   910 | D        | Bought a +2 plate armour of magic resistance for 480 gold pieces
   910 | D        | Bought a +0 pair of boots for 54 gold pieces
  1091 | D        | Killed a gargoyle
  1134 | D        | Noticed a centaur warrior
  1134 | D        | Noticed a centaur warrior
  1151 | D        | Killed a centaur warrior
  1151 | D        | Reached ** piety under Okawaru
  1151 | D        | Reached XP level 9. HP: 29/93 MP: 9/9
  1153 | D        | Killed a centaur warrior
  1153 | D        | Reached *** piety under Okawaru
  1423 | D        | Noticed a hornet
  1438 | D        | Killed a hornet
  1502 | D        | Noticed an oklob plant
  1509 | D        | Killed an oklob plant
  1509 | D        | Reached skill level 19 in Axes
  1509 | D        | Reached XP level 10. HP: 64/103 MP: 7/11
  1887 | D        | Killed an unseen horror
  1887 | D        | Reached **** piety under Okawaru
  1887 | D        | Reached skill level 5 in Dodging
  1894 | D        | Killed an unseen horror
  1894 | D        | Reached skill level 5 in Invocations
  2316 | D        | Reached skill level 15 in Fighting
  2340 | D        | Reached ***** piety under Okawaru
  2355 | D        | Got a transparent leather armour
  2366 | D        | Identified the cursed +0 leather armour "Puogelah" {rC+ Int+4 Stlth-} (You found it in the Dungeon)
  2369 | D        | Found Plog's Weapon Shoppe.
  2369 | D        | Found Weojadel's General Store.
  2369 | D        | Found Ukeiridu's Magic Scroll Boutique.
  2371 | D        | Found Worusadi's Gadget Emporium.
  2371 | D        | Found Zeecronu's Gadget Shop.
  2371 | D        | Found Witafede's General Store.
  2371 | D        | Found Fileghew's Distillery.
  2371 | D        | Found Viguzo's Assorted Antiques.
  2371 | D        | Found Nedoserr's Armour Shop.
  2371 | D        | Found Ogaotteu's Weapon Shoppe.
  2373 | D        | Bought a scroll of remove curse for 42 gold pieces
  2385 | D        | Found Ighihalud's Magic Scroll Boutique.
  2386 | D        | Found Vucvubli's Book Emporium.
  2386 | D        | Found Kunt's Armour Boutique.
  2387 | D        | Found Dunwysot's Food Emporium.
  2388 | D        | Bought a potion of heal wounds for 60 gold pieces
  2397 | D        | Bought the +3 pair of gloves "Naxiafrigg" {rPois Int+5} for 453 gold pieces
  2397 | D        | Bought a +2 helmet for 181 gold pieces
  2439 | D        | Found a viscous altar of Jiyva.
  2439 | D        | Found a corrupted altar of Lugonu.
  2440 | D        | Found a burning altar of Makhleb.
  2440 | D        | Found a shimmering altar of Xom.
  2468 | D        | Noticed a kobold demonologist
  2472 | D        | Paralysed by a floating eye for 4 turns
  2485 | D        | Noticed a kobold demonologist
  2488 | D        | Noticed a sixfirhy
  2489 | D        | Killed a kobold demonologist
  2494 | D        | Killed a kobold demonologist
  2521 | D        | Reached XP level 11. HP: 99/113 MP: 16/16
  2525 | D        | Received a gift from Okawaru
  2529 | D        | Reached skill level 10 in Shields
  2547 | D        | Reached skill level 10 in Armour
  2558 | D        | Reached skill level 20 in Axes
  2573 | D        | Noticed a lindwurm
  2578 | D        | Killed a lindwurm
  2578 | D        | Reached skill level 1 in Evocations
  2758 | D        | Noticed a 12-headed hydra
  2770 | D        | Paralysed by a floating eye for 3 turns
  2772 | D        | Slain by a 12-headed hydra

Vault maps used:
D:        dungeon_sprint_1

Skill      XL: |  1  2  3  4  5  6  7  8  9 10 11 |
---------------+----------------------------------+-----
Fighting       | 5 7 9 12 13 14 15 16 | 16.1
Axes           | 4 8 12 16 18 19 20 | 20.3
Armour         | 4 6 7 9 10 | 10.8
Shields        | 4 6 7 9 10 | 10.2
Dodging        | 2 4 6 7 |  7.6
Invocations    | 2 7 9 |  9.6
Evocations     | 3 |  3.3

Action                   |  1- 3 |  4- 6 |  7- 9 | 10-12 || total
-------------------------+-------+-------+-------+-------++-------
Melee: War axe           |    16 |    26 |    63 |   115 ||   220
       Battleaxe         |       |       |       |    50 ||    50
       Dagger            |       |       |       |     3 ||     3
Invok: Heroism           |       |       |     2 |     4 ||     6
Evoke: Phial of floods   |       |       |       |     1 ||     1
  Use: Potion            |     1 |     3 |     2 |     2 ||     8
       Scroll            |       |       |     4 |     1 ||     5
  Eat: Chunk             |       |       |     1 |       ||     1
       Ration            |       |       |     1 |     1 ||     2
Armor: Scale mail        |     8 |    12 |       |       ||    20
       Skin              |       |       |    18 |       ||    18
       Plate armour      |       |       |    19 |   113 ||   132
Dodge: Dodged            |     2 |     6 |     8 |    59 ||    75
Block: Shield            |     7 |    12 |    18 |    65 ||   102

Table legend:
 A = Spawn XP
 B = Non-spawn XP
 C = Spawn XP percentage of total XP
 D = Spawn monster count
 E = Non-spawn monster count
 F = Spawn count percentage of total count
 G = Total turns spent on level
                    A         B        C        D         E        F      G
               +---------+---------+-------+---------+---------+-------+---------
         Total |       0 |   14056 |   0.0 |       0 |      53 |   0.0 |  2772
               +---------+---------+-------+---------+---------+-------+---------
             D |       0 |   14056 |   0.0 |       0 |      53 |   0.0 |  2772
               +---------+---------+-------+---------+---------+-------+---------
